 Dungeon Crawl Stone Soup version 0.16.1-11-g651b585 (webtiles) character file.

536 Magnus the Skirmisher (level 7, 0/55 HPs)
             Began as a Demonspawn Skald on Apr 5, 2015.
             Succumbed to a scorpion's poison
             ... on level 4 of the Dungeon.
             The game lasted 00:35:03 (6400 turns).

Magnus the Skirmisher (Demonspawn Skald)            Turns: 6400, Time: 00:35:03

Health: 0/55       AC:  4    Str: 15    XL:     7   Next: 4%
Magic:  17/21      EV: 11    Int: 13    God:
Gold:   358        SH:  0    Dex: 12    Spells: 3 memorised, 3 levels left

rFire  . . .     SeeInvis .     a - +0 spear
rCold  . . .     Clarity  .     b - +0 leather armour
rNeg   . . .     SustAb   .     (no shield)
rPois  .         Gourm    +     (no helmet)
rElec  .         Spirit   .     (no cloak)
rCorr  .         Warding  .     (no gloves)
rMut   .         Stasis   .     p - +0 pair of boots
MR     .....                    j - amulet of the gourmand
Stlth  +.........               (no ring)
                                m - ring of magical power

@: lethally poisoned (0 -> -8), not resistant to hostile enchantments, very
unstealthy
A: talons 2, blurry vision 1, sense surroundings 1, powered by pain 1,
regeneration 1
a: no special abilities


You were on level 4 of the Dungeon.
You were completely stuffed.

You visited 1 branch of the dungeon, and saw 4 of its levels.

You collected 358 gold pieces.

Inventory:

Hand weapons
 a - a +0 spear (weapon)
 n - a +2 short sword of venom
 x - a +0 dagger of venom
Armour
 b - a +0 leather armour (worn)
 g - a +0 ring mail
 o - a +0 chain mail
 p - a +0 pair of boots (worn)
Jewellery
 j - an amulet of the gourmand (around neck)
 m - a ring of magical power (left hand)
 q - a +5 ring of intelligence {unknown}
 t - a cursed ring of loudness {unknown}
Scrolls
 e - a scroll of amnesia {unknown}
 h - a scroll of recharging {unknown}
 l - a scroll of enchant armour {unknown}
 s - 3 scrolls of magic mapping
 w - a scroll of random uselessness {unknown}
 y - 3 scrolls of remove curse {unknown}
 C - a scroll of teleportation {unknown}
 E - a scroll of immolation {unknown}
Potions
 i - a potion of curing {unknown}
 z - a potion of cancellation
 A - a potion of degeneration {unknown}
 B - a potion of haste {unknown}
 G - a potion of might {unknown}
Books
 c - a book of Battle

   Spells                             Type                      Level
   a - Infusion                       Charms                       1
   b - Shroud of Golubria             Charms/Translocation         2
   c - Song of Slaying                Charms                       2
   d - Spectral Weapon                Hexes/Charms                 3
   e - Regeneration                   Charms/Necromancy            3
 u - a book of Air

   Spells                             Type                      Level
   a - Shock                          Conjuration/Air              1
   b - Swiftness                      Charms/Air                   2
   c - Repel Missiles                 Charms/Air                   2
   d - Flight                         Charms/Air                   3
   e - Static Discharge               Conjuration/Air              3
   f - Lightning Bolt                 Conjuration/Air              5
 D - a book of the Earth

   Spells                             Type                      Level
   a - Leda's Liquefaction            Hexes/Earth                  4
   b - Bolt of Magma                  Conjuration/Fire/Earth       5
   c - Statue Form                    Transmutation/Earth          6
   d - Iron Shot                      Conjuration/Earth            6
   e - Shatter                        Earth                        9
Comestibles
 d - 3 bread rations
 f - a slice of pizza
 k - a beef jerky
 r - 2 fruits
 v - a royal jelly


   Skills:
 + Level 4.6 Fighting
 + Level 4.4 Polearms
 - Level 0.8 Armour
 - Level 0.8 Dodging
 - Level 2.0 Spellcasting
 + Level 4.6 Charms


You had 3 spell levels left.
You knew the following spells:

 Your Spells              Type           Power        Failure   Level  Hunger
a - Infusion              Chrm           ##....       6%          1    ##.....
b - Spectral Weapon       Hex/Chrm       #.......     38%         3    ####...
c - Regeneration          Chrm/Necr      #.........   38%         3    ####...


Dungeon Overview and Level Annotations

Branches:
Dungeon (4/15)
 Temple: D:4-7

Altars:
Cheibriados
Nemelex Xobeh
Ru

Annotations:
D:2 Sigmund
D:4 pzskc383's ghost, average GrEE


Innate Abilities, Weirdness & Mutations

You have razor-sharp toenails.
You sometimes gain a little power by taking damage.
Scrolls take you a little longer to read.
You passively map a small area around you.
Your natural rate of healing is unusually fast.


Message History

You feel sick.
You are too injured to fight recklessly!
You are too injured to fight recklessly!
You are too injured to fight recklessly!
Attack whom?
Press: ? - help, Dir - move target cursor, f - scorpion
Aim: a scorpion (severely wounded)
You reach to attack!
You hit the scorpion but do no damage.
The scorpion is severely wounded.
* * * LOW HITPOINT WARNING * * *
You feel sick.
Your spectral weapon hits the scorpion.
The scorpion stings your spectral weapon.
Your spectral weapon shares its damage with you!
* * * LOW HITPOINT WARNING * * *
* * * LOW HITPOINT WARNING * * *
You feel sick.
The scorpion stings your spectral weapon.
Your spectral weapon shares its damage with you!
* * * LOW HITPOINT WARNING * * *
You die...

##### #####
##...#####...#
##..........#.#
#####
####.......###...#
....# #.....)....#
##.## ###.#
#@##.......# #.# #.#
#.###....### ##.##
#.# #.#
#....#####...# #.#
#(# #.#........#.. #
#.#
##s###.########....
#
#.###########...##.#
####. #
#..................#
#. #
#############...####
#. #
#############.## #.


You could see a scorpion and a friendly spectral spear.

Vanquished Creatures
  An ogre (D:4)
  2 scorpions (D:4)
  2 hounds (D:4)
  An orc wizard (D:3)
  2 worker ants (D:4)
  A hound skeleton (D:4)
  4 gnolls (D:4)
  6 adders
  A giant mite (D:3)
  2 worms (D:2)
  2 adder skeletons (D:4)
  4 giant geckos
  An ooze (D:1)
  12 orcs (D:3)
  2 giant cockroaches (D:3)
  12 goblins
  11 hobgoblins
  4 jackals (D:1)
  4 quokkas
  13 bats
  3 giant newts
  4 kobolds
  7 rats
101 creatures vanquished.

Vanquished Creatures (others)
  3 spectral weapons (D:4)
3 creatures vanquished.

Grand Total: 104 creatures vanquished

Notes
Turn   | Place    | Note
--------------------------------------------------------------
     0 | D:1      | Magnus, the Demonspawn Skald, began the quest for the Orb.
     0 | D:1      | Reached XP level 1. HP: 16/16 MP: 3/3
   240 | D:1      | Gained mutation: You have sharp toenails. [demonic ancestry]
   240 | D:1      | Reached XP level 2. HP: 19/22 MP: 0/4
   986 | D:1      | Reached skill level 3 in Charms
  1609 | D:2      | Found a snail-covered altar of Cheibriados.
  1854 | D:2      | Gained mutation: You sometimes gain a little power by taking damage. [demonic ancestry]
  1854 | D:2      | Reached XP level 3. HP: 28/28 MP: 6/6
  1859 | D:2      | Learned a level 3 spell: Spectral Weapon
  2063 | D:2      | Noticed Sigmund
  2320 | D:2      | Found a sparkling altar of Nemelex Xobeh.
  2753 | D:2      | Gained mutation: You passively map a small area around you. [potion of mutation]
  2753 | D:2      | Gained mutation: Scrolls take you a little longer to read. [potion of mutation]
  2753 | D:2      | Gained mutation: Your natural rate of healing is unusually fast. [potion of mutation]
  2817 | D:3      | Reached XP level 4. HP: 33/35 MP: 7/7
  3092 | D:3      | Learned a level 3 spell: Regeneration
  3212 | D:3      | Found a sacrificial altar of Ru.
  3491 | D:3      | Reached XP level 5. HP: 35/41 MP: 7/9
  4350 | D:4      | Reached skill level 4 in Fighting
  4561 | D:4      | Reached XP level 6. HP: 12/48 MP: 3/10
  5187 | D:4      | Noticed pzskc383's ghost (average GrEE)
  5200 | D:4      | Noticed an ogre
  5527 | D:4      | Killed an ogre
  6154 | D:4      | Gained mutation: You have razor-sharp toenails. [demonic ancestry]
  6154 | D:4      | Reached XP level 7. HP: 50/55 MP: 12/12
  6398 | D:4      | HP: 2/55 [scorpion (3)]
  6400 | D:4      | Succumbed to a scorpion's poison

Action                   |  1- 3 |  4- 6 |  7- 9 || total
-------------------------+-------+-------+-------++-------
Melee: Spear             |   178 |   372 |    17 ||   567
 Cast: Infusion          |     5 |    12 |       ||    17
       Spectral Weapon   |       |    10 |     1 ||    11
       Regeneration      |       |     2 |     1 ||     3
  Use: Potion            |     5 |       |       ||     5
       Scroll            |     2 |     1 |       ||     3
 Stab: Sleeping          |     1 |       |       ||     1
       Paralysed         |       |     1 |       ||     1
  Eat: Chunk             |     6 |    24 |     2 ||    32
